Map: [ESL] Data-C

Players

Serral - Winner!

  • Race: Zerg Zerg
  • Spawn Location: 3:00

Bunny

  • Race: Terran Terran
  • Spawn Location: 9:00

Event: DreamHack SC2 Masters 2022 Atlanta (Offline)

VOD

Have the link to the VOD?

Description

Time

  • Played on: Nov. 20, 2022, 12:28 p.m.
  • Length: 25:49

All games in this series

Show
View Real Time Build Order
Export as new Build Order

Serral Zerg - Winner!

Build Orders: Hatch First, Lurkers 

Get SALT Encoding   

  12  0:00  Drone  
  13  0:13  Overlord  
  13  0:17  Drone  
  14  0:32  Drone x2  
  16  0:48  Hatchery  
  15  0:52  Drone  
  15  0:55  Drone  
  17  0:58  Drone  
  18  1:09  Extractor  
  17  1:13  Spawning Pool  
  17  1:17  Drone  
  17  1:20  Drone  
  18  1:29  Drone  
  19  1:40  Drone  
  20  1:51  Drone  
  21  2:00  Queen x2  
  21  2:01  Zergling x2  
  26  2:02  Zergling x2  
  27  2:12  Drone, Overlord  
  28  2:23  Hatchery  
  28  2:25  Drone  
  28  2:30  Drone  
  28  2:32  Drone  
  28  2:35  Drone  
  30  2:38  Spore Crawler  
  30  2:43  Metabolic Boost  
  30  2:47  Queen  
  30  2:51  Overlord  
  32  2:54  Drone  
  32  2:56  Drone  
  34  3:01  Drone  
  35  3:08  Overlord  
  35  3:13  Drone x4  
  39  3:21  Queen  
  39  3:24  Queen  
  39  3:27  Drone x3  
  45  3:32  Overlord  
  46  3:36  Queen  
  46  3:39  Drone  
  49  3:42  Drone  
  49  3:45  Zergling x2  
  49  3:46  Drone x2  
  53  3:50  Overlord  
  53  3:51  Drone  
  53  3:52  Drone  
  55  3:56  Queen  
  55  4:01  Queen  
  59  4:05  Zergling x2  
  59  4:06  Overlord  
  59  4:08  Drone  
  59  4:09  Drone  
  62  4:11  Drone  
  62  4:12  Drone  
  62  4:16  Zergling x2  
  65  4:18  Overlord  
  65  4:19  Drone  
  65  4:21  Drone  
  65  4:23  Drone  
  68  4:29  Drone  
  69  4:34  Zergling x2, Drone  
  69  4:35  Drone x2  
  69  4:38  Lair  
  73  4:41  Spore Crawler  
  73  4:42  Extractor  
  71  4:46  Queen  
  71  4:50  Drone, Hatchery  
  71  4:51  Baneling Nest  
  72  4:55  Zergling x4  
  72  4:56  Overlord  
  72  4:58  Drone  
  72  4:59  Drone x2  
  77  5:02  Drone x2  
  77  5:03  Drone  
  77  5:04  Drone  
  81  5:09  Overlord  
  81  5:13  Extractor, Overlord  
  80  5:15  Extractor  
  80  5:18  Zergling x2, Spore Crawler  
  80  5:19  Drone x6  
  80  5:20  Drone  
  86  5:21  Drone  
  86  5:25  Extractor, Overlord  
  86  5:27  Zergling x2  
  87  5:30  Zergling x2  
  87  5:31  Drone  
  87  5:34  Evolution Chamber  
  88  5:36  Evolution Chamber  
  88  5:38  Centrifugal Hooks  
  88  5:40  Drone x4  
  88  5:42  Drone  
  92  5:43  Drone  
  92  5:45  Drone x3  
  92  5:47  Overseer  
  96  5:50  Overlord  
  96  5:52  Overlord  
  96  5:54  Drone x3  
  99  5:57  Overlord  
  99  6:02  Zerg Ground Armor Level 1, Zerg Melee Weapons Level 1  
  98  6:06  Queen  
  98  6:10  Overseer  
  98  6:14  Drone, Spore Crawler  
  98  6:16  Drone x5  
  98  6:18  Drone  
  103  6:21  Drone x3  
  106  6:28  Drone x2  
  106  6:31  Drone x6  
  112  6:35  Zergling x2  
  112  6:36  Zergling x4  
  112  6:37  Extractor  
  114  6:41  Hydralisk Den  
  114  6:45  Zergling x12  
  118  6:51  Overlord, Spore Crawler  
  115  6:55  Drone x2  
  115  6:56  Drone  
  118  7:03  Zergling x18  
  118  7:05  Baneling x8  
  118  7:06  Zergling x2  
  118  7:07  Zergling x4  
  130  7:08  Overseer  
  130  7:11  Pneumatized Carapace, Overlord  
  130  7:17  Zergling x2  
  130  7:18  Zergling x8  
  134  7:23  Zergling x4  
  136  7:32  Zergling x18  
  136  7:35  Grooved Spines  
  136  7:36  Overlord  
  145  7:37  Overlord  
  145  7:38  Zergling x6  
  148  7:44  Baneling x7  
  148  7:45  Baneling  
  148  7:48  Zergling x12  
  154  7:51  Overseer, Baneling  
  154  7:52  Hatchery, Baneling x2  
  139  8:01  Drone x5  
  139  8:02  Extractor  
  139  8:03  Extractor  
  139  8:04  Drone x5, Infestation Pit  
  139  8:05  Drone  
  139  8:06  Drone x2  
  139  8:07  Zerg Melee Weapons Level 2  
  139  8:09  Zerg Ground Armor Level 2  
  142  8:17  Zergling x18  
  142  8:19  Zergling x2  
  152  8:25  Zergling x2  
  153  8:31  Hydralisk x3  
  153  8:34  Baneling x2  
  159  8:39  Hydralisk x8  
  175  8:42  Hive  
  175  8:44  Zergling x2  
  175  8:45  Extractor  
  175  8:46  Muscular Augments  
  175  8:52  Burrow  
  175  8:53  Zergling x4  
  175  8:57  Baneling  
  175  8:58  Baneling x6  
  175  8:59  Overlord x2  
  175  9:02  Baneling x6  
  174  9:03  Zergling x2  
  170  9:10  Zergling x24  
  170  9:17  Zergling x2, Baneling  
  177  9:18  Zergling x22  
  177  9:23  Queen  
  191  9:25  Drone  
  191  9:26  Drone  
  191  9:27  Drone  
  193  9:32  Baneling x4  
  193  9:43  Zergling x10  
  189  9:46  Hatchery  
  189  9:49  Drone x3  
  189  9:52  Drone x3  
  189  9:53  Drone  
  189  9:54  Spore Crawler  
  189  9:56  Adrenal Glands  
  189  9:57  Overlord  
  189  9:59  Viper x2  
  191  10:01  Drone x2  
  191  10:02  Drone x2, Baneling x7  
  195  10:13  Zergling x16  
  191  10:29  Zergling x18  
  192  10:37  Lurker Den  
  192  10:40  Zergling x22  
  200  10:44  Overseer  
  200  10:45  Overseer x2  
  200  10:48  Zerg Missile Weapons Level 1, Zerg Ground Armor Level 3  
  200  11:01  Drone x2  
  200  11:02  Zergling x6  
  198  11:07  Zergling x8  
  198  11:09  Hatchery  
  198  11:10  Baneling x2  
  198  11:16  Baneling x7  
  197  11:28  Zergling x16  
  193  11:38  Zergling x8  
  193  11:39  Zergling x22  
  191  11:47  Zergling x10  
  191  11:48  Zergling x8  
  187  11:54  Seismic Spines  
  187  11:59  Zergling x32  
  185  12:17  Zergling x14  
  185  12:21  Hatchery, Overlord x2  
  187  12:31  Baneling x8  
  186  12:39  Zergling x2  
  186  12:40  Zergling x20  
  186  12:41  Hatchery  
  194  12:51  Adaptive Talons  
  194  12:52  Hatchery  
  194  12:55  Zergling x12  
  199  13:02  Baneling x7  
  199  13:04  Zerg Missile Weapons Level 2  
  195  13:19  Zergling x26  
  180  13:24  Zergling x4  
  180  13:25  Zerg Melee Weapons Level 3  
  177  13:30  Zergling x10  
  167  13:42  Zergling x2  
  167  13:43  Zergling x10  
  167  13:47  Baneling  
  173  13:48  Zergling x6  
  173  13:49  Zergling x8  
  173  13:50  Hydralisk, Baneling x8  
  182  13:57  Drone  
  182  13:58  Zergling x4  
  185  14:04  Zergling x14  
  185  14:05  Infestor, Baneling  
  185  14:06  Baneling x2  
  194  14:13  Zergling x16  
  197  14:17  Hatchery  
  164  14:24  Zergling x18  
  164  14:26  Overlord x2  
  164  14:29  Baneling  
  164  14:30  Baneling x10  
  170  14:31  Overseer  
  170  14:32  Zergling x10  
  170  14:34  Infestor  
  173  14:41  Zergling x22  
  178  14:49  Hydralisk x2  
  178  14:51  Infestor  
  182  14:55  Lurker  
  182  14:56  Lurker x8  
  182  14:57  Zergling x16, Baneling x11  
  199  15:03  Spore Crawler x2  
  196  15:10  Zergling x12  
  156  15:35  Zergling x10  
  156  15:36  Zergling x30  
  156  15:39  Zergling x12  
  156  15:40  Zergling x6  
  168  15:49  Zergling x12  
  173  15:54  Zergling x4  
  173  16:02  Zergling x2  
  173  16:03  Zergling x10  
  175  16:04  Baneling x11  
  175  16:08  Hydralisk x2  
  179  16:16  Hydralisk x3  
  179  16:17  Hydralisk  
  187  16:19  Hatchery  
  187  16:22  Hatchery  
  178  16:28  Hydralisk x2  
  178  16:29  Zergling x14  
  186  16:33  Drone x7  
  186  16:38  Zergling x2  
  186  16:39  Zergling x10  
  197  16:48  Zerg Missile Weapons Level 3  
  197  16:49  Hatchery  
  197  16:53  Zergling x10  
  200  17:07  Baneling x4  
  200  17:12  Zergling x2  
  197  17:33  Baneling  
  197  17:34  Baneling x8  
  197  17:37  Zergling x4  
  197  17:39  Baneling x6  
  191  17:48  Overseer  
  191  17:51  Zergling x30  
  177  17:54  Zergling x6  
  177  17:55  Zergling x18  
  180  18:08  Hydralisk x2  
  180  18:09  Hydralisk x3, Zergling x2  
  180  18:10  Zergling x6  
  177  18:13  Hydralisk x2  
  177  18:14  Hydralisk  
  177  18:15  Zergling x18  
  177  18:17  Baneling x11  
  177  18:18  Baneling  
  178  18:20  Overseer  
  178  18:23  Baneling x2  
  178  18:24  Baneling x2  
  178  18:25  Overseer  
  178  18:26  Zergling x20  
  188  18:27  Zergling x2  
  188  18:32  Baneling  
  188  18:33  Baneling x7  
  189  18:34  Overseer  
  189  18:35  Overseer  
  189  18:37  Hatchery  
  179  18:43  Hatchery  
  179  18:48  Zergling x18  
  186  18:53  Hydralisk x2  
  185  19:04  Hydralisk x5  
  195  19:14  Unknown  
  195  19:16  Drone  
  195  19:18  Overlord  
  184  19:30  Viper x2  
  173  19:34  Drone x2  
  173  19:35  Zergling x24  
  173  19:36  Baneling x6  
  173  19:37  Baneling x4  
  187  19:38  Zergling x2  
  187  19:45  Zergling x2  
  187  19:50  Drone x2  
  187  19:51  Drone x2  
  192  19:53  Hydralisk x3  
  192  19:57  Infestor  
  200  20:02  Hatchery  
  200  20:06  Zergling x2  
  191  20:19  Zergling x30  
  191  20:25  Zergling x10  
  191  20:32  Zergling x14  
  197  20:40  Zergling x2  
  198  20:42  Drone  
  198  20:43  Drone  
  198  20:44  Spore Crawler  
  197  20:50  Overseer  
  194  20:57  Zergling x12  
  194  20:58  Overlord  
  200  21:04  Hatchery  
  196  21:19  Zergling x8  
  200  21:31  Nydus Network  
  199  21:33  Hatchery  
  199  21:34  Baneling x8  
  199  21:37  Drone  
  199  21:38  Drone  
  200  21:46  Baneling  
  200  21:47  Baneling  
  191  21:56  Zergling x4  
  191  21:57  Zergling x32  
  191  21:59  Zergling x26  
  197  22:02  Zergling x6  
  198  22:09  Baneling x4  
  198  22:14  Hatchery  
  197  22:17  Nydus Canal  
  197  22:18  Zergling x6  
  197  22:20  Baneling x7  
  197  22:21  Baneling x6  
  197  22:22  Overseer, Baneling  
  200  22:32  Zergling x10  
  200  22:36  Baneling x7  
  161  22:56  Zergling x60  
  161  22:57  Baneling x4  
  178  23:00  Zergling x6, Baneling x8  
  178  23:01  Zergling x4  
  181  23:10  Baneling x7  
  177  23:15  Zergling x14  
  153  23:27  Zergling x22  
  153  23:28  Zergling x10  
  153  23:33  Zergling x8  
  145  23:36  Zergling x34  
  145  23:38  Baneling x9  
  145  23:39  Overseer, Baneling x2  
  158  23:41  Zergling x2  
  158  23:48  Zergling x16  
  165  23:53  Nydus Canal  
  165  23:57  Drone x2  
  165  23:59  Baneling  
  165  24:00  Hydralisk x3, Baneling x5  
  165  24:01  Zergling x26  
  186  24:03  Baneling x21  
  186  24:06  Hatchery  
  186  24:09  Nydus Canal  
  185  24:11  Zergling x12  
  185  24:13  Baneling x4  
  185  24:14  Baneling x12  
  191  24:17  Zergling x4  
  191  24:20  Infestor  
  188  24:28  Zergling x28  
  176  24:38  Zergling x12  
  163  24:43  Lurker, Hydralisk  
  163  24:44  Zergling x6  
  166  24:50  Zergling x24  
  166  24:51  Nydus Canal  
  178  24:57  Zergling x10  
  170  25:04  Zergling x6  
  170  25:05  Overseer x2  
  172  25:10  Zergling x2  
  172  25:11  Zergling x6  
  172  25:14  Zergling x2  
  164  25:16  Overlord x4  
  164  25:17  Overlord  
  164  25:18  Zergling x20  
  164  25:19  Drone  
Show
View Real Time Build Order
Export as new Build Order

Bunny Terran 

Build Orders: Reaper Expand, Hellion Banshee 

Get SALT Encoding   

  12  0:00  SCV  
  13  0:12  SCV  
  14  0:16  Supply Depot  
  14  0:24  SCV  
  15  0:38  SCV  
  15  0:39  Barracks  
  16  0:43  Refinery  
  16  0:50  SCV  
  17  1:02  SCV  
  18  1:14  SCV  
  19  1:26  Reaper, Orbital Command  
  20  1:40  Command Center  
  20  1:47  Supply Depot  
  20  1:52  SCV  
  21  1:58  Marine  
  22  2:04  SCV  
  23  2:09  Factory  
  23  2:16  SCV  
  23  2:19  Barracks Reactor  
  24  2:28  SCV  
  25  2:40  SCV  
  26  2:50  Command Center  
  26  2:52  Orbital Command, SCV  
  27  3:01  Starport  
  27  3:07  SCV  
  27  3:10  Refinery  
  30  3:13  Hellion  
  30  3:16  Hellion  
  30  3:19  Barracks Tech Lab  
  32  3:21  SCV  
  32  3:24  SCV  
  34  3:33  SCV  
  37  3:34  Hellion  
  37  3:36  SCV  
  37  3:37  Hellion  
  40  3:44  Banshee  
  40  3:46  SCV  
  45  3:48  SCV  
  45  4:02  Barracks Tech Lab, Hellion x2  
  49  4:03  Orbital Command  
  49  4:05  SCV x2  
  49  4:07  Supply Depot  
  51  4:17  SCV  
  51  4:18  SCV  
  53  4:27  Banshee  
  53  4:28  Stimpack  
  56  4:31  Marine  
  56  4:32  Orbital Command  
  56  4:33  SCV x2  
  57  4:39  Cloaking Field  
  57  4:43  Barracks  
  57  4:44  Barracks  
  57  4:45  SCV x2  
  58  4:47  Supply Depot, Refinery, Factory Reactor  
  59  4:53  Engineering Bay x2  
  59  5:03  Marine  
  59  5:06  SCV x3  
  63  5:07  Barracks  
  63  5:08  Barracks  
  63  5:14  Supply Depot  
  63  5:18  Refinery, SCV x2  
  63  5:19  SCV  
  63  5:21  Marine  
  67  5:28  Terran Infantry Armor Level 1, Terran Infantry Weapons Level 1  
  67  5:30  SCV x2  
  67  5:31  SCV  
  67  5:33  Marine  
  67  5:34  Marine  
  72  5:41  Marine  
  72  5:42  SCV x2  
  75  5:43  SCV  
  75  5:48  Supply Depot, Marine x2  
  75  5:49  Supply Depot  
  78  5:51  Marine  
  78  5:54  SCV x2  
  78  5:55  SCV  
  82  5:57  Barracks Reactor  
  82  5:59  Barracks Reactor  
  82  6:01  Marine x2  
  84  6:06  SCV  
  84  6:09  Marine x2, Starport Reactor, Siege Tank, SCV x2  
  84  6:11  Marine  
  93  6:19  Marine  
  93  6:22  Supply Depot  
  93  6:23  Supply Depot  
  94  6:29  Marine x4, SCV  
  94  6:30  SCV x2, Armory  
  101  6:36  Combat Shield, Command Center  
  101  6:44  Marine x4  
  105  6:47  Supply Depot x2  
  105  6:49  Supply Depot  
  105  6:51  Widow Mine  
  107  6:54  SCV x3  
  107  6:55  Factory  
  110  7:04  Marine x6  
  110  7:05  Medivac x2  
  120  7:08  SCV  
  120  7:09  SCV x2  
  120  7:12  Refinery  
  120  7:13  Supply Depot, Refinery  
  120  7:14  Widow Mine  
  125  7:24  SCV  
  125  7:25  SCV x2  
  125  7:28  Marine  
  125  7:29  Marine x2  
  134  7:34  Terran Infantry Weapons Level 2, Terran Infantry Armor Level 2  
  134  7:35  Medivac x2  
  135  7:39  SCV x2  
  135  7:40  SCV  
  135  7:42  Factory Reactor  
  138  7:45  Drilling Claws  
  138  7:49  Barracks  
  138  7:50  Barracks  
  138  7:55  Barracks  
  133  8:01  Marine x7  
  133  8:03  Widow Mine  
  121  8:06  Medivac  
  121  8:07  Marine x2  
  121  8:10  Concussive Shells  
  125  8:13  SCV x3  
  125  8:18  Marine  
  125  8:19  Sensor Tower, Marine  
  130  8:20  Planetary Fortress  
  130  8:25  Widow Mine x3  
  130  8:26  Marauder  
  138  8:29  Marine x4  
  142  8:41  Barracks Tech Lab x2  
  142  8:43  Barracks Tech Lab  
  142  8:47  Widow Mine x3  
  142  8:48  Marauder  
  150  8:49  Marine x3  
  150  8:50  Marine x2  
  150  8:55  Medivac x2  
  159  9:09  Marauder  
  161  9:11  Marine x8, Marauder x3  
  161  9:13  SCV x4  
  166  9:20  Widow Mine x3  
  166  9:22  Supply Depot x2  
  170  9:25  Medivac x2, SCV, Command Center  
  172  9:43  Marine x4  
  172  9:44  Widow Mine x3, Marauder x2  
  182  9:46  Marine x2, Marauder x2  
  182  9:47  Marine x2  
  187  9:55  Medivac  
  187  10:01  Marine  
  188  10:13  Terran Infantry Armor Level 3, Terran Infantry Weapons Level 3  
  187  10:17  Refinery x2  
  187  10:18  Supply Depot  
  187  10:32  Marauder  
  187  10:34  Widow Mine x3, Marauder x2, Medivac  
  187  10:37  Marauder  
  187  10:38  Marine x8  
  187  10:41  Command Center  
  197  10:53  Marauder  
  197  10:55  Marine  
  200  11:08  Marauder x2  
  200  11:10  Marine x4  
  200  11:15  Sensor Tower  
  200  11:17  Command Center  
  200  11:24  Ghost Academy  
  200  11:25  Widow Mine  
  196  11:38  Marauder  
  196  11:39  Marauder x3  
  188  11:41  Marine x5  
  188  11:43  Widow Mine x2  
  188  11:44  Liberator  
  188  11:46  Widow Mine  
  190  11:58  Marine  
  190  11:59  Marine x9  
  190  12:00  Marauder x2  
  193  12:04  Widow Mine x2  
  193  12:08  Widow Mine  
  184  12:18  Marauder  
  184  12:21  Personal Cloaking  
  188  12:23  Missile Turret, Command Center x2  
  188  12:26  Widow Mine x2  
  188  12:27  Medivac x2  
  188  12:29  Widow Mine  
  198  12:35  Marauder x2  
  191  12:37  Marine x3  
  183  12:47  Widow Mine x2  
  183  12:50  Widow Mine  
  185  12:56  Medivac, Orbital Command x2  
  185  12:57  Medivac  
  192  13:04  Marine x3  
  193  13:08  Sensor Tower, Widow Mine  
  193  13:09  Widow Mine  
  193  13:12  Widow Mine  
  199  13:17  Marine x5  
  182  13:21  Marine  
  182  13:22  Unknown x2, Marine x4  
  182  13:26  Medivac  
  182  13:27  Medivac  
  168  13:30  Widow Mine x2  
  168  13:33  Widow Mine  
  150  13:35  Marine x5  
  150  13:39  Marine  
  150  13:40  Marine x3  
  161  13:45  Unknown x2, Marine x2  
  163  13:51  Widow Mine x2, Planetary Fortress, Orbital Command  
  163  13:53  SCV  
  163  13:54  Planetary Fortress  
  168  13:58  Marine  
  171  14:08  Unknown, Medivac x2  
  175  14:10  Sensor Tower  
  171  14:20  Marauder  
  171  14:21  Marauder  
  171  14:22  Marine x5  
  151  14:26  Unknown, Widow Mine x3  
  151  14:28  Sensor Tower, Marine  
  124  14:38  Medivac  
  161  14:44  Marine x6, Marauder x2  
  159  14:46  Marine x2  
  159  14:47  Widow Mine  
  163  14:54  Widow Mine x2  
  163  14:56  Unknown x2, Marine, Marauder  
  170  15:01  Marine, Nuke  
  170  15:02  Marine x2  
  170  15:03  Terran Vehicle And Ship Armor Level 1  
  170  15:06  Marine x5  
  170  15:08  Widow Mine  
  170  15:12  Marauder x2  
  176  15:14  Marauder  
  176  15:15  Widow Mine x2  
  176  15:17  Marine  
  176  15:19  Marine x2  
  176  15:20  Marine  
  184  15:24  Marine x3  
  184  15:27  Medivac  
  189  15:30  Widow Mine  
  189  15:33  Marauder x2  
  160  15:36  Widow Mine  
  160  15:37  Widow Mine  
  160  15:39  Marine x5  
  141  15:51  Hellion  
  142  15:58  Widow Mine  
  142  15:59  Widow Mine  
  142  16:05  Marine x3  
  142  16:06  Unknown x2, Orbital Command  
  142  16:08  Marine x2  
  149  16:16  Sensor Tower  
  149  16:23  Unknown x2  
  144  16:31  Liberator x2  
  150  16:35  Unknown  
  150  16:37  Sensor Tower  
  150  16:38  Missile Turret  
  140  16:48  Marauder x2  
  140  16:49  Marauder x2  
  140  16:53  Marine x2  
  138  16:55  Marine x2  
  138  16:57  Marine  
  138  16:59  Marine x2  
  138  17:00  Marine  
  144  17:09  Marine x3  
  144  17:11  Widow Mine x2  
  145  17:18  Medivac x2  
  149  17:23  Widow Mine  
  149  17:26  Marauder, Missile Turret  
  149  17:28  Marauder x3  
  157  17:31  Marine x2  
  157  17:32  Marine x2, Widow Mine x2  
  163  17:45  Widow Mine  
  163  17:51  Liberator x2  
  150  17:53  Widow Mine  
  150  17:54  Widow Mine  
  150  18:05  Orbital Command  
  149  18:06  Widow Mine  
  138  18:14  Marine x2  
  138  18:15  Widow Mine x2  
  141  18:27  Widow Mine  
  143  18:36  Widow Mine x2  
  143  18:40  Unknown  
  143  18:41  Unknown  
  153  18:45  Marine x4  
  153  18:46  Marine x3  
  148  18:48  Marine  
  148  18:49  Widow Mine  
  151  18:58  Widow Mine  
  153  19:03  Marine x2  
  153  19:06  Refinery, Unknown  
  153  19:07  Unknown  
  153  19:08  Missile Turret  
  153  19:09  Unknown x2, Sensor Tower, Missile Turret  
  161  19:10  Siege Tank  
  162  19:20  Marauder  
  155  19:35  Unknown x2, Widow Mine x2, Marauder x2  
  155  19:36  Medivac x2  
  155  19:37  Unknown  
  167  19:42  Siege Tank  
  170  19:47  Command Center  
  170  20:05  Liberator  
  170  20:06  Liberator  
  175  20:14  Siege Tank  
  175  20:16  Orbital Command  
  175  20:18  Marauder x4  
  175  20:19  Marine x2  
  174  20:25  Marine x6  
  177  20:35  Widow Mine  
  177  20:36  Widow Mine, Marine x2  
  177  20:39  Marine, Marauder x3  
  186  20:42  Marine  
  186  20:43  Marine x4  
  186  20:46  Siege Tank  
  192  20:50  Orbital Command  
  192  20:53  Orbital Command  
  189  21:07  Liberator x2  
  193  21:18  Siege Tank  
  200  21:25  Marauder  
  200  21:26  Marauder  
  200  21:34  Missile Turret  
  200  21:37  Sensor Tower, Missile Turret  
  200  21:45  Widow Mine  
  155  22:10  Widow Mine x2, Siege Tank  
  155  22:14  Marine x7, Marauder  
  155  22:15  Marauder x2  
  175  22:16  Sensor Tower  
  175  22:17  Medivac x2, Missile Turret  
  175  22:18  Planetary Fortress  
  175  22:20  Neosteel Armor  
  169  22:35  Marauder  
  169  22:36  Marauder x2  
  166  22:40  Marine x5  
  171  22:47  Siege Tank  
  171  22:49  Medivac x2  
  144  22:53  Marine, Marauder  
  144  22:56  Marauder  
  130  23:15  Marine, Marauder x2  
  130  23:16  Marine  
  130  23:19  Medivac x2  
  119  23:27  Marine x3  
  101  23:37  Marine x5  
  101  23:38  SCV  
  101  23:39  SCV x2  
  106  23:41  Marine  
  107  23:58  Marine x7  
  107  23:59  Marine x2  
  116  24:05  Widow Mine  
  116  24:06  Widow Mine  
  120  24:13  Siege Tank  
  120  24:16  Marine x4  
  127  24:23  Orbital Command  
  101  24:31  Marine  
  101  24:32  Marine x5  
  101  24:37  Marine  
  84  24:57  Marine x2  
  42  25:16  Marine  
Tags
 
Add a new tag
Caveats
  • Supply blocks, unpowered buildings, or Contaminate may cause inaccurate times.
  • Supply counts are checked every 10 seconds.